 Dungeon Crawl Stone Soup version 0.21-a0-450-gd87a9b2 (webtiles) character file.

1516 mistymad the Vexing (level 8, -3/42 HPs)
             Began as a Vine Stalker Enchanter on Nov 19, 2017.
             Was an Initiate of Dithmenos.
             Slain by a worker ant (5 damage)
             ... on level 5 of the Dungeon.
             The game lasted 00:31:20 (5488 turns).

mistymad the Vexing (Vine Stalker Enchanter)        Turns: 5488, Time: 00:31:21

Health: -3/42      AC:  4    Str: 11    XL:     8   Next: 83%
Magic:  0/26       EV: 13    Int: 17    God:    Dithmenos [......]
Gold:   248        SH:  0    Dex: 15    Spells: 8/18 levels left

rFire    . . .     SeeInvis .   p - +2 rapier (venom)
rCold    . . .     Gourm    .   (no shield)
rNeg     . . .     Faith    .   b - +0 robe
rPois    .         Spirit   +   (no helmet)
rElec    .         Reflect  .   l - +0 cloak
rCorr    .         Harm     .   (no gloves)
MR       +....     Clarity  +   n - +0 pair of boots
Stlth    ++++......             (no amulet)
HPRegen  0.54/turn              k - ring of magical power
MPRegen  0.20/turn              o - ring of stealth

@: lethally poisoned (-3 -> -3)
A: fangs 3, clarity, deterioration 1, mutation resistance 1, regeneration 1,
magic shield, antimagic bite, no potion heal 3, rot immunity
a: Renounce Religion


You were on level 5 of the Dungeon.
You worshipped Dithmenos.
Dithmenos was noncommittal.
You were not hungry.

You visited 2 branches of the dungeon, and saw 7 of its levels.
You also visited: Ossuary.

You collected 248 gold pieces.

Inventory:

Hand Weapons
 p - a +2 rapier of venom (weapon)
 q - a +0 hunting sling
Missiles
 j - 30 sling bullets
Armour
 b - a +0 robe (worn)
 l - a +0 cloak (worn)
 n - a +0 pair of boots (worn)
Jewellery
 k - a ring of magical power (left hand)
 o - a ring of stealth (right hand)
Wands
 y - a wand of digging (8/24)
 z - a wand of acid (12/15)
 C - a wand of paralysis (4/24)
Scrolls
 e - a scroll of recharging
 g - 3 scrolls of teleportation
 m - a scroll of fog
 r - 3 scrolls of remove curse
 s - 3 scrolls of identify
 t - 4 scrolls of amnesia {unknown}
 v - a scroll of noise {unknown}
 B - a scroll of enchant weapon {unknown}
Potions
 h - a potion of resistance
 w - 2 potions of curing
 x - a potion of agility
Books
 c - a book of Maledictions

   Spells                             Type                      Level
   a - Corona                         Hexes                        1
   b - Ensorcelled Hibernation        Hexes/Ice                    2
   c - Confuse                        Hexes                        3
   d - Tukima's Dance                 Hexes                        3
   e - Dazzling Spray                 Conjuration/Hexes            3
 f - a book of Maledictions

   Spells                             Type                      Level
   a - Corona                         Hexes                        1
   b - Ensorcelled Hibernation        Hexes/Ice                    2
   c - Confuse                        Hexes                        3
   d - Tukima's Dance                 Hexes                        3
   e - Dazzling Spray                 Conjuration/Hexes            3
Comestibles
 a - a royal jelly
 d - 4 bread rations
 i - 6 fruits
 u - a meat ration
 A - a chunk of flesh


   Skills:
 + Level 4.9 Fighting
 + Level 1.7 Short Blades
 - Level 2.1 Dodging
 + Level 4.1 Stealth
 - Level 3.1 Unarmed Combat
 + Level 5.9 Spellcasting
 + Level 6.3 Hexes


You had 8 spell levels left.
You knew the following spells:

 Your Spells              Type           Power        Failure   Level  Hunger
a - Corona                Hex            ####...      1%          1    None
b - Dazzling Spray        Conj/Hex       ###...       11%         3    ##.....
c - Tukima's Dance        Hex            ####....     2%          3    ##.....
d - Confuse               Hex            ####....     2%          3    ##.....


Dungeon Overview and Level Annotations

Branches:
Dungeon (6/15)             Temple (1/1) D:5

Altars:
Ashenzari
Cheibriados
Dithmenos
Fedhas
Gozag
Hepliaklqana
Okawaru
Qazlal
Ru
Sif Muna
Trog
Uskayaw
Vehumet
Wu Jian
Xom
Yredelemnul
The Shining One


Innate Abilities, Weirdness & Mutations

You have razor-sharp teeth.
Your natural rate of healing is unusually fast.
When hurt, damage is shared between your health and your magic reserves.
Your bite disrupts and absorbs the magic of your enemies.
Potions cannot restore your health.
You are immune to rotting.
You possess an exceptional clarity of mind.
Your body sometimes deteriorates upon taking damage.
You are somewhat resistant to further mutation.


Message History

The worker ant bites you! The jackal bites you.
You take 15 damage, and have 17/42 hp.
MASSIVE DAMAGE!!
You now have 10/26 mp.
You hit the jackal.
You kill the jackal!
Dithmenos accepts your kill. The jackal barely misses you.
The worker ant waves its antennae.
The worker ant barely misses you. The ogre hits you with a giant club!
* * * LOW HITPOINT WARNING * * *
The orc barely misses you. The orc closely misses you.
You take 6 damage, and have 11/42 hp.
You now have 7/26 mp.
You feel sick. The orc hits you with a club.
* * * LOW HITPOINT WARNING * * *
The orc hits you with a war axe!
* * * LOW HITPOINT WARNING * * *
The jackal bites you.
You see here a jackal corpse.
You take 9 damage, and have 2/42 hp.
MASSIVE DAMAGE!!
You now have 0/26 mp.
The worker ant bites you.
You die...

#.................#.#
#########......##.#.#
#############......##.#.#
#.....................#.#
#.............#.......#.#
#####.................##..#.#
....#.......)..#.###......#.#
###............#.###.####.#.#
##...###..#...@o##.# #.#.#
####...###..#.#ha.##.# #.#.#
................oO##.## #.#.#
<......###..#.#.......# #.#.#
#...##.###..#.#.#.##### #.#.#
#.......##..#.......<####.#.#
#.#####.##..#.#.##........#.#
#'#####..#........#########.#
[....###.#..................#


You could see an ogre, a worker ant, 2 orcs and a jackal.

Vanquished Creatures
  Pikel (D:4)
  Sigmund (D:3)
  2 phantoms (D:4)
  A sky beast (D:5)
  A slave (D:4)
  A bullfrog (D:5)
  2 wights (Ossuary)
  A howler monkey (D:3)
  A crimson imp (D:5)
  2 hounds
  An orc priest (D:5)
  An iguana (D:4)
  An orc wizard (D:1)
  3 worker ants (D:5)
  8 adders
  8 gnolls
  An ooze (D:2)
  An adder skeleton (D:4)
  2 adder zombies (Ossuary)
  2 worms
  A dart slug (D:2)
  2 leopard geckos
  11 orcs
  A ball python (D:1)
  7 giant cockroaches
  8 goblins
  3 hobgoblins
  8 jackals
  6 kobolds
  2 ball python skeletons (Ossuary)
  12 bats
  5 frilled lizards
  3 hobgoblin zombies (Ossuary)
  A leopard gecko zombie (D:5)
  An orc skeleton (Ossuary)
  An orc zombie (Ossuary)
  9 rats
122 creatures vanquished.

Vanquished Creatures (collateral kills)
  Edmund (D:5)
1 creature vanquished.

Vanquished Creatures (others)
  2 dancing weapons
  A slave (D:4)
3 creatures vanquished.

Grand Total: 126 creatures vanquished

Notes
Turn   | Place    | Note
-------+----------+-------------------------------------------
     0 | D:1      | mistymad the Vine Stalker Enchanter began the quest for the Orb.
     0 | D:1      | Reached XP level 1. HP: 9/9 MP: 4/4
   136 | D:1      | Reached XP level 2. HP: 14/14 MP: 6/6
  1017 | D:1      | Reached skill level 1 in Fighting
  1017 | D:1      | Reached XP level 3. HP: 8/18 MP: 3/7
  1755 | D:1      | Gained mutation: Your natural rate of healing is unusually fast. [Vine Stalker growth]
  1755 | D:1      | Reached XP level 4. HP: 2/22 MP: 4/9
  2211 | D:2      | Learned a level 3 spell: Dazzling Spray
  2435 | D:2      | Found a shimmering altar of Xom.
  2447 | D:2      | Reached XP level 5. HP: 26/26 MP: 10/10
  2604 | D:2      | Learned a level 3 spell: Tukima's Dance
  2608 | D:2      | Learned a level 3 spell: Confuse
  2668 | D:3      | Reached skill level 4 in Hexes
  2913 | D:3      | Noticed Sigmund
  2999 | D:3      | Reached XP level 6. HP: 32/32 MP: 12/12
  3271 | D:4      | Noticed a slave
  3272 | D:4      | Noticed a slave
  3272 | D:4      | Noticed Pikel
  3272 | D:4      | Noticed a slave
  3273 | D:4      | Noticed a slave
  3340 | D:4      | Killed a slave
  3341 | D:4      | Killed Pikel
  3341 | D:4      | Reached skill level 5 in Hexes
  3341 | D:4      | Reached XP level 7. HP: 9/36 MP: 3/14
  3888 | D:4      | Gained mutation: You have razor-sharp teeth. [Vine Stalker growth]
  3888 | D:4      | Reached XP level 8. HP: 17/42 MP: 10/16
  4025 | D:4      | Reached skill level 5 in Spellcasting
  4132 | D:5      | Entered Level 5 of the Dungeon
  4136 | D:5      | Noticed Edmund
  4144 | D:5      | Found a sand-covered staircase.
  4205 | D:5      | Gained mutation: You are dopey. (Int -2) [mutagenic meat]
  4206 | D:5      | Gained mutation: You have a pair of small horns on your head. [mutagenic meat]
  4207 | D:5      | Gained mutation: Armour fits poorly on your strangely shaped body. [mutagenic meat]
  4208 | D:5      | Gained mutation: Your body sometimes deteriorates upon taking damage. [mutagenic meat]
  4209 | D:5      | Gained mutation: You are somewhat resistant to further mutation. [mutagenic meat]
  4224 | Ossuary  | Entered an ossuary
  4335 | Ossuary  | Noticed a flying skull
  4335 | Ossuary  | Noticed a wraith
  4344 | Ossuary  | Noticed a flying skull
  4354 | Ossuary  | Noticed a flying skull
  4383 | Ossuary  | Noticed a flying skull
  4390 | Ossuary  | Noticed a wraith
  4419 | Ossuary  | Noticed a wraith
  4795 | D:5      | Killed Edmund
  4795 | D:5      | Reached skill level 6 in Hexes
  4870 | D:5      | Lost mutation: You are dopey. (Int -2) [potion of mutation]
  4870 | D:5      | Lost mutation: Armour fits poorly on your strangely shaped body. [potion of mutation]
  4870 | D:5      | Gained mutation: You have large cloven feet. [potion of mutation]
  4871 | D:5      | Lost mutation: You have a pair of small horns on your head. [potion of mutation]
  4871 | D:5      | Lost mutation: You have large cloven feet. [potion of mutation]
  4871 | D:5      | Gained mutation: You possess an exceptional clarity of mind. [potion of mutation]
  4962 | D:5      | Reached skill level 1 in Short Blades
  4982 | D:5      | Found a staircase to the Ecumenical Temple.
  5014 | Temple   | Entered the Ecumenical Temple
  5031 | Temple   | Became a worshipper of Dithmenos the Shadowed
  5349 | D:3      | Killed Sigmund
  5487 | D:5      | HP: 2/42 [orc/war axe (6)]
  5488 | D:5      | Slain by a worker ant

Vault maps used:
D:1:      tarquinn_simple_flora_water_d
D:2:      lemuel_doored_altar, grunt_decor_arrowhead, kennysheep_generic_room_5
D:3:      uniq_sigmund
D:4:      lemuel_old_faithful, uniq_pikel
D:5:      minmay_temple_entry_glassed_door, first_bread,
          nicolae_ossuary_entry_monument, uniq_edmund
Temple:   compressed_dpeg_circular_temple
Ossuary:  ossuary_due_cavern

Skill      XL: |  1  2  3  4  5  6  7  8 |
---------------+-------------------------+-----
Fighting       | 1 2 3 4 |  4.9
Dodging        | 2 |  2.1
Spellcasting   | 3 4 5 |  5.9
Hexes          | 4 5 6 |  6.3
Unarmed Combat | 2 3 |  3.1
Short Blades   | 1 |  1.7
Stealth        | 4 |  4.1

Action                   |  1- 3 |  4- 6 |  7- 9 || total
-------------------------+-------+-------+-------++-------
Melee: Dagger            |    19 |       |       ||    19
       Bite              |    20 |    31 |    52 ||   103
       Whip              |    69 |   144 |   114 ||   327
       Unarmed           |       |       |    68 ||    68
       Punch             |       |       |     2 ||     2
       Rapier            |       |       |    30 ||    30
       Headbutt          |       |       |    20 ||    20
 Cast: Corona            |     3 |    23 |    29 ||    55
       Tukima's Dance    |       |     2 |    10 ||    12
       Confuse           |       |       |     6 ||     6
       Dazzling Spray    |       |       |     4 ||     4
  Use: Potion            |     1 |       |     2 ||     3
       Scroll            |       |       |     9 ||     9
 Stab: Sleeping          |     5 |     5 |     7 ||    17
       Invisible         |       |       |     2 ||     2
       Distracted        |       |       |     1 ||     1
  Eat: Chunk             |     2 |     5 |    15 ||    22
Armor: Robe              |    35 |    47 |    36 ||   118
Dodge: Dodged            |    67 |   130 |   133 ||   330

Table legend:
 A = Spawn XP
 B = Non-spawn XP
 C = Spawn XP percentage of total XP
 D = Spawn monster count
 E = Non-spawn monster count
 F = Spawn count percentage of total count
 G = Total turns spent on level
                    A         B        C        D         E        F      G
               +---------+---------+-------+---------+---------+-------+---------
         Total |       0 |    2167 |   0.0 |       0 |     122 |   0.0 |  5488
               +---------+---------+-------+---------+---------+-------+---------
           D:1 |       0 |     106 |   0.0 |       0 |      35 |   0.0 |  1948
           D:2 |       0 |      67 |   0.0 |       0 |      23 |   0.0 |   709
           D:3 |       0 |     366 |   0.0 |       0 |      16 |   0.0 |   603
           D:4 |       0 |     896 |   0.0 |       0 |      10 |   0.0 |   997
           D:5 |       0 |     635 |   0.0 |       0 |      27 |   0.0 |   801
       Ossuary |       0 |      97 |   0.0 |       0 |      11 |   0.0 |   290
               +---------+---------+-------+---------+---------+-------+---------
